 Dungeon Crawl Stone Soup version 0.27-a0-906-g0a00ce863d (webtiles) character file.

Game seed: 272303104902084193

269710 tilp the Warrior (level 20, -6/114 HPs)
             Began as a Vine Stalker Brigand on Apr 7, 2021.
             Was the Champion of Nemelex Xobeh.
             Mangled by a crystal guardian (25 damage)
             ... led by a peacekeeper
             ... on level 2 of the Vaults.
             The game lasted 01:33:15 (38178 turns).

tilp the Warrior (Vine Stalker Brigand)            Turns: 38178, Time: 01:33:16

Health: -6/114     AC: 26    Str: 22    XL:     20   Next: 19%
Magic:  0/30       EV: 11    Int: 11    God:    Nemelex Xobeh [******]
Gold:   1640       SH: 15    Dex: 17    Spells: 19/19 levels left

rFire    + . .     SeeInvis .   a - +7 Singing Sword {vorpal, sonic wave}
rCold    . . .     Faith    .   s - +2 kite shield {reflect}
rNeg     . . .     Spirit   +   P - +1 plate armour {Will+}
rPois    +         Reflect  +   l - +1 helmet
rElec    .         Harm     .   c - +2 cloak
rCorr    .         Rampage  .   f - +2 pair of gloves
Will     +++..                  A - +2 pair of boots
Stlth    ..........             p - amulet of regeneration
HPRegen  2.29/turn              W - ring of protection from fire
MPRegen  0.22/turn              B - ring of poison resistance

@: no status effects
A: fangs 3, regeneration 1, magic shield, antimagic bite, no potion heal 2
}: 2/15 runes: decaying, serpentine
a: Renounce Religion, Draw Escape, Draw Destruction, Draw Summoning, Triple
Draw, Deal Four, Stack Five


You were on level 2 of the Vaults.
You worshipped Nemelex Xobeh.
Nemelex Xobeh was exalted by your worship.
You visited 7 branches of the dungeon, and saw 34 of its levels.
You visited 1 bazaar.

You collected 3575 gold pieces.
You spent 1935 gold pieces at shops.

Inventory:

Hand Weapons
 a - the +7 Singing Sword (weapon) {vorpal, sonic wave}
   (You bought it in a shop on level 2 of the Orcish Mines)

   It inflicts extra damage upon your enemies.
 b - a +3 dagger of speed
Missiles
 d - 3 silver boomerangs
 e - 13 curare-tipped darts {!f}
 g - 35 boomerangs (quivered)
 v - 3 throwing nets {!f}
 y - 2 silver javelins
Armour
 c - a +2 cloak (worn)
 f - a +2 pair of gloves (worn)
 l - a +1 helmet (worn)
 s - a +2 kite shield of reflection (worn)
 A - a +2 pair of boots (worn)
 P - a +1 plate armour of willpower (worn)
Jewellery
 n - a ring of resist corrosion
 p - an amulet of regeneration (around neck)
 t - a ring of positive energy
 B - a ring of poison resistance (right hand)
 V - a ring of ice
 W - a ring of protection from fire (left hand)
Wands
 j - a wand of mindburst (31)
 E - a wand of paralysis (32)
 H - a wand of flame (22)
 K - a wand of charming (19)
 L - a wand of polymorph (15)
 R - a wand of digging (17)
 Z - a wand of iceblast (23)
Scrolls
 o - 8 scrolls of enchant weapon
 q - 2 scrolls of silence
 r - a scroll of holy word
 u - 11 scrolls of teleportation
 x - 2 scrolls of fear
 J - a scroll of enchant armour
 M - 5 scrolls of magic mapping
 Q - 2 scrolls of blinking
 T - a scroll of fog
 X - 2 scrolls of brand weapon
Potions
 h - 2 potions of invisibility
 k - 15 potions of curing
 m - 3 potions of might
 w - 4 potions of haste
 z - 6 potions of flight
 D - 2 potions of berserk rage
 F - 3 potions of attraction
 I - a potion of resistance
 N - a potion of cancellation
 U - 2 potions of magic
 Y - 3 potions of mutation
Miscellaneous
 i - a phantom mirror
 C - a lightning rod (4/4)
 G - a box of beasts
 O - a tin of tremorstones (2/2)
 S - a phial of floods


   Skills:
 + Level 15.5 Fighting
 - Level 12.0(14.7) Short Blades
 - Level 14.4(16.0) Long Blades
 - Level 1.7 Throwing
 + Level 7.5 Armour
 + Level 10.9 Dodging
 - Level 8.0 Stealth
 + Level 11.0 Shields
 - Level 12.0 Invocations
 - Level 8.0 Evocations


You had 19 spell levels left.
You didn't know any spells.
Your spell library contained the following spells:

 Spells                   Type           Power      Damage    Failure   Level
 Apportation              Tloc           0%         N/A       100%        1
 Beastly Appendage        Tmut           0%         N/A       100%        1
 Corona                   Hex            0%         N/A       100%        1
 Magic Dart               Conj           0%         1d3       100%        1
 Shock                    Conj/Air       0%         1d3       100%        1
 Sting                    Tmut/Pois      0%         1d3       100%        1
 Ensorcelled Hibernation  Hex/Ice        0%         N/A       100%        2
 Poisonous Vapours        Pois/Air       0%         N/A       100%        2
 Searing Ray              Conj           0%         3d3       100%        2
 Slow                     Hex            0%         N/A       100%        2
 Sublimation of Blood     Necr           0%         N/A       100%        2
 Swiftness                Air            0%         N/A       100%        2
 Wereblood                Tmut           0%         N/A       100%        2
 Confusing Touch          Hex            0%         N/A       100%        3
 Dazzling Flash           Conj/Hex       0%         N/A       100%        3
 Gell's Gravitas          Tloc           0%         N/A       100%        3
 Ignite Poison            Fire/Tmut/Pois 0%         N/A       100%        3
 Inner Flame              Hex/Fire       0%         N/A       100%        3
 Lesser Beckoning         Tloc           0%         N/A       100%        3
 Mephitic Cloud           Conj/Pois/Air  0%         N/A       100%        3
 Portal Projectile        Hex/Tloc       0%         N/A       100%        3
 Spider Form              Tmut/Pois      0%         N/A       100%        3
 Static Discharge         Conj/Air       0%         N/A       100%        3
 Stone Arrow              Conj/Erth      0%         3d7       100%        3
 Tukima's Dance           Hex            0%         N/A       100%        3
 Airstrike                Air            0%         N/A       100%        4
 Cause Fear               Hex            0%         N/A       100%        4
 Fulminant Prism          Conj/Hex       0%         3d6       100%        4
 Ice Form                 Ice/Tmut       0%         N/A       100%        4
 Iskenderun's Mystic Bla  Conj/Tloc      0%         2d3       100%        4
 Leda's Liquefaction      Hex/Erth       0%         N/A       100%        4
 Olgreb's Toxic Radiance  Pois           0%         N/A       100%        4
 Petrify                  Tmut/Erth      0%         N/A       100%        4
 Sticky Flame             Conj/Fire      0%         2d3       100%        4
 Alistair's Intoxication  Tmut/Pois      0%         N/A       100%        5
 Bolt of Magma            Conj/Fire/Erth 0%         4d4       100%        5
 Fireball                 Conj/Fire      0%         3d3       100%        5
 Hydra Form               Tmut           0%         N/A       100%        5
 Irradiate                Conj/Tmut      0%         3d13      100%        5
 Iskenderun's Battlesphe  Conj           0%         2d6       100%        5
 Lightning Bolt           Conj/Air       0%         1d11      100%        5
 Metabolic Englaciation   Hex/Ice        0%         N/A       100%        5
 Yara's Violent Unravell  Hex/Tmut       0%         3d3       100%        5
 Conjure Ball Lightning   Conj/Air       0%         3x3d6     100%        6
 Eringya's Noxious Bog    Tmut/Pois      0%         N/A       100%        6
 Invisibility             Hex            0%         N/A       100%        6
 Iron Shot                Conj/Erth      0%         9d1       100%        6
 Orb of Destruction       Conj           0%         N/A       100%        7
 Spellforged Servitor     Conj/Summ      0%         N/A       100%        7


Dungeon Overview and Level Annotations

Branches:
Dungeon (15/15)            Temple (1/1) D:5            Lair (6/6) D:9
  Swamp (4/4) Lair:2        Snake (4/4) Lair:3        Slime (0/5) Lair:5
    Orc (2/2) D:10            Elf (0/3) Orc:2        Vaults (2/5) D:13
 Depths (0/5) D:15
  Crypt: Vaults:2-3

Altars:
Ashenzari
Cheibriados
Dithmenos
Elyvilon
Fedhas
Gozag
Hepliaklqana
Kikubaaqudgha
Makhleb
Nemelex Xobeh
Okawaru
Qazlal
Ru
Sif Muna
Trog
Uskayaw
Vehumet
Wu Jian
Xom
Yredelemnul
Zin
The Shining One
Beogh
Jiyva

Shops:
D:11 (   D:15 !   Orc:2 **((   Vaults:1 *

Annotations:
D:13 3 runed translucent doors, Caetoogo's ghost, journeyman FoWn; Kepoon's ghost, journeyman GrFi; p0werm0de's ghost, journeyman GrFi
D:15 Roxanne
Lair:4 exclusion: oklob plant
Swamp:4 1 runed translucent door, tilp's ghost, adept GnDe
Snake:4 3 runed translucent doors, Ecilena's ghost, adept DsBe


Innate Abilities, Weirdness & Mutations

You have razor-sharp teeth.
Your natural rate of healing is unusually fast.
When hurt, damage is shared between your health and your magic reserves.
Your bite disrupts and absorbs the magic of your enemies.
Potions cannot restore your health.


Message History

The crystal guardian is severely damaged.
The crystal guardian is heavily damaged.
The crystal guardian is severely damaged.
The crystal guardian hits you!!
The crystal guardian fires a crystalline bolt at you.
The crystal bolt freezes you!!
Things that are here:
a +0 long sword; a +0 chain mail; a human corpse The crystal guardian fires a crystalline bolt at you.
The crystal bolt freezes you!!!
* * * LOW HITPOINT WARNING * * *
The crystal bolt freezes you!!
* * * LOW HITPOINT WARNING * * *
Unknown command.
You draw a card...
You have drawn the Cloud.
Clouds appear around you!
You draw... (choose one card, ? for their descriptions)
a - the Elixir b - Exile
c - the Tomb You have drawn the Tomb.
Walls emerge from the floor!
The crystal guardian glitters, brittle, in the dim dungeon light.
Okay, then.
Press: ? - help, v - describe, . - travel
Here: a crystal guardian (heavily damaged, strong)
The floor.
Unknown command.
You hit the crystal guardian but do no damage.
The Singing Sword gives you a private concerto.
You send a blast of sound all around you.
The crystal guardians are blasted.
The crystal guardian is severely damaged.
The crystal guardian is heavily damaged.
You bite the crystal guardian.
The crystal guardian's magic leaks into the air.
You drain its magic.
You feel invigorated.
The crystal guardian is severely damaged.
You hear a shout!
The crystal guardian hits you!!
You die...
Your body glows with a rainbow of weird colours and disappears.

#......# #..#
###'''####### #..#
#.....÷.[[[.# ##..##
#.###'#####.####....####
#. .<.. #)#..........# #
#.#### #))..........# #.
#.####....#### # ###
##..## #@# #..# #8# #..#
#8# #### #.#########§#
#......88.§.#
######'###### #.. #..
#:.


You could see 2 crystal guardians.

Vanquished Creatures
  A dread lich (Vaults:2)
  Saint Roka (Vaults:1)
  Rupert (Lair:6)
  Kirke (D:15)
  5 nagarajas (Snake:4)
  A frost giant (Vaults:1)
  3 orc warlords
  2 vault wardens
  Louise (Snake:1)
  2 ghouls (Swamp:3)
  A stone giant (D:15)
  5 ironbound preservers
  Azrael (D:13)
  2 dire elephants (Vaults:1)
  4 bunyips
  A salamander tyrant (Snake:3)
  A great orb of eyes (Vaults:2)
  4 shambling mangroves
  4 eleionomae
  Josephine (D:15)
  14 naga warriors
  Harold (D:7)
  5 vault guards
  2 ironbound thunderhulks (Vaults:1)
  27 hydras
  2 boulder beetles
  2 yaktaur captains (Vaults:1)
  A centaur warrior (D:15)
  A peacekeeper (Vaults:2)
  6 ironbound frosthearts
  A catoblepas (D:15)
  3 death knights
  4 death yaks
  An ogre mage (D:14)
  14 two-headed ogres
  5 anacondas
  11 alligators
  5 tengu warriors
  A vampire mage (D:15)
  17 naga sharpshooters
  A shock serpent (Snake:2)
  5 orc high priests (Orc:2)
  4 ironbound beastmasters (Vaults:1)
  2 salamander mystics
  3 goliath frogs
  A skeletal warrior (D:14)
  A glowing orange brain (Vaults:1)
  12 swamp dragons
  12 deep trolls
  A spriggan druid (Swamp:4)
  2 phantasmal warriors (D:14)
  11 naga ritualists
  2 ironbound convokers
  2 bog bodies
  5 lindwurms
  A necromancer (Vaults:1)
  2 wizards
  8 orc knights
  5 harpies (Vaults:1)
  5 orc sorcerers
  11 ugly things
  A deep elf pyromancer (D:14)
  10 mana vipers
  A human zombie (Vaults:1)
  14 salamanders
  4 will-o-the-wisps
  A fire giant zombie (Vaults:1)
  Joseph (D:7)
  A manticore (D:15)
  3 guardian serpents
  40 black mambas
  5 elephants (Lair:6)
  26 naga magi
  3 vault sentinels (Vaults:2)
  12 cane toads
  2 molten gargoyles (Lair:6)
  A yaktaur zombie (Vaults:1)
  A torpor snail (Lair:5)
  13 komodo dragons
  13 rime drakes
  Psyche (D:9)
  4 kobold demonologists
  8 yaktaurs (Vaults:1)
  4 freezing wraiths (D:14)
  8 trolls
  4 polar bears
  A tyrant leech (shapeshifter) (D:14)
  9 hornets
  A human skeleton (Vaults:1)
  14 slime creatures
  12 dream sheep
  6 tyrant leeches
  10 blink frogs
  An elf zombie (Vaults:1)
  A vampire (D:14)
  A spriggan (shapeshifter) (D:13)
  16 spriggans
  A water elemental (D:14)
  3 shadows
  14 wyverns
  8 wraiths
  9 humans (D:13)
  50 yaks
  A hog (D:15)
  4 fire elementals (D:13)
  8 basilisks
  4 steam dragons
  8 vampire mosquitoes
  Edmund (D:5)
  2 wargs (Orc:2)
  13 swamp worms
  38 nagas
  12 water moccasins
  Duvessa (D:7)
  An acid dragon (D:6)
  8 hell hounds
  3 ice beasts
  A floating eye (shapeshifter) (D:14)
  12 swamp drakes
  A sky beast (D:6)
  2 black bears
  53 orc warriors
  2 necrophages
  7 centaurs
  3 boggarts (Lair:5)
  5 wolves
  16 ogres
  3 kobold brigands
  13 bullfrogs
  4 gnoll sergeants
  2 scorpions
  Dowan (D:7)
  32 killer bees
  3 wights (D:8)
  An electric eel (Lair:2)
  5 howler monkeys
  5 lava snakes (Lair:6)
  6 centaur zombies
  2 bullfrog zombies (D:6)
  2 bullfrog skeletons (D:4)
  A gnoll shaman (D:9)
  2 jellies (D:5)
  26 orc priests
  2 hounds
  An iron imp (D:5)
  2 centaur skeletons
  3 iguanas
  Natasha (thrice) (D:3)
  20 orc wizards
  18 hell rats
  A killer bee zombie (D:8)
  A hound zombie (D:5)
  A hound skeleton (D:5)
  26 gnolls
  13 adders
  A howler monkey skeleton (D:5)
  13 river rats
  A shadow imp (D:7)
  2 white imps
  An ufetubus (D:4)
  A worm (D:3)
  4 dart slugs
  111 orcs
  7 ball pythons
  8 bats
  12 endoplasms
  5 giant cockroaches
  7 goblins
  16 hobgoblins
  6 jackals
  9 quokkas
  6 frilled lizards
  12 kobolds
  23 rats
  A butterfly (Lair:3)
1250 creatures vanquished.

Vanquished Creatures (collateral kills)
  Agnes (D:15)
  A fire dragon (Lair:6)
  A hydra (Lair:2)
  A lindwurm (Lair:3)
  An orc knight (D:10)
  An elephant (D:9)
  A tyrant leech (Swamp:2)
  A hornet (D:9)
  A blink frog (Lair:3)
  A basilisk (D:15)
  A river rat (Lair:3)
  An orc (D:9)
  2 rats (Lair:3)
14 creatures vanquished.

Vanquished Creatures (others)
  A naga warrior (Snake:4)
  A rime drake (Swamp:4)
  A queen bee (D:10)
  A bloated husk (Swamp:3)
  A human (D:15)
  A swamp drake (D:10)
  A killer bee (D:10)
  A river rat (Lair:3)
  An orc (Vaults:1)
  A rat (Lair:3)
  16 foxfires
  19 fungi
  39 plants
84 creatures vanquished.

Grand Total: 1348 creatures vanquished

Notes
Turn   | Place    | Note
-------+----------+-------------------------------------------
     0 | D:1      | tilp the Vine Stalker Brigand began the quest for the Orb.
     0 | D:1      | Reached XP level 1. HP: 11/11 MP: 2/2
   144 | D:1      | Reached skill level 2 in Fighting
   157 | D:1      | Reached XP level 2. HP: 13/15 MP: 3/3
   655 | D:2      | Found a faded altar of an unknown god.
   676 | D:2      | Reached XP level 3. HP: 10/19 MP: 2/4
  1703 | D:2      | Gained mutation: Your natural rate of healing is unusually
                  | fast. [Vine Stalker growth]
  1703 | D:2      | Reached XP level 4. HP: 22/23 MP: 5/5
  1724 | D:2      | Reached skill level 3 in Fighting
  1783 | D:2      | Reached XP level 5. HP: 28/28 MP: 6/6
  2493 | D:3      | Noticed Natasha
  2506 | D:3      | Killed Natasha
  2509 | D:3      | Noticed Natasha
  2521 | D:3      | Killed Natasha
  2522 | D:3      | Reached skill level 4 in Fighting
  2991 | D:3      | Noticed Natasha
  3003 | D:3      | Killed Natasha
  3004 | D:3      | Reached XP level 6. HP: 27/33 MP: 5/7
  3502 | D:4      | Reached XP level 7. HP: 38/38 MP: 8/8
  3629 | D:4      | Reached skill level 5 in Fighting
  3629 | D:4      | Reached skill level 5 in Short Blades
  4194 | D:5      | Entered Level 5 of the Dungeon
  4218 | D:5      | Found a snail-covered altar of Cheibriados.
  4267 | D:5      | Noticed Edmund
  4287 | D:5      | Killed Edmund
  4398 | D:5      | Gained mutation: You have razor-sharp teeth. [Vine Stalker
                  | growth]
  4398 | D:5      | Reached XP level 8. HP: 20/44 MP: 4/9
  4495 | D:5      | Reached skill level 6 in Fighting
  4541 | D:5      | Reached skill level 1 in Dodging
  4754 | D:5      | Found a staircase to the Ecumenical Temple.
  4791 | Temple   | Entered the Ecumenical Temple
  5086 | Temple   | Became a worshipper of Nemelex Xobeh the Trickster
  5337 | D:5      | You fall into a shaft and drop 1 floor!
  5766 | D:6      | Reached skill level 1 in Invocations
  5828 | D:6      | Reached XP level 9. HP: 48/48 MP: 11/11
  6384 | D:7      | Noticed Joseph
  6410 | D:7      | Killed Joseph
  6482 | D:7      | Reached * piety under Nemelex Xobeh
  6497 | D:7      | Noticed Harold
  6531 | D:7      | Killed Harold
  6532 | D:7      | Reached skill level 7 in Fighting
  6532 | D:7      | Reached XP level 10. HP: 27/55 MP: 8/14
  6781 | D:7      | Noticed Duvessa
  6781 | D:7      | Noticed Dowan
  6820 | D:7      | Killed Duvessa
  6822 | D:7      | Killed Dowan
  6854 | D:7      | Found the +3 giant club "Skullcrusher" {speed, Str+7}
  7336 | D:8      | Reached skill level 8 in Fighting
  7547 | D:8      | Reached skill level 10 in Short Blades
  7582 | D:8      | Received a gift from Nemelex Xobeh
  7630 | D:8      | Noticed a two-headed ogre
  7637 | D:8      | Killed a two-headed ogre
  8002 | D:9      | Found a staircase to the Lair.
  8002 | D:9      | Noticed a death yak
  8002 | D:9      | Noticed an elephant
  8056 | D:8      | Killed a death yak
  8057 | D:8      | Reached XP level 11. HP: 14/60 MP: 15/15
  8100 | D:9      | Noticed Psyche
  8119 | D:9      | Killed Psyche
  8126 | D:9      | Paralysed by a hornet for 2 turns
  8193 | D:9      | Reached ** piety under Nemelex Xobeh
  8231 | D:9      | Reached skill level 1 in Evocations
  8651 | D:9      | Reached skill level 5 in Invocations
  8769 | D:9      | Received a gift from Nemelex Xobeh
  8869 | D:9      | Identified the +0 hand axe "Kanet" {elec, rElec rN+ MP+9}
  9078 | D:10     | Entered Level 10 of the Dungeon
  9312 | D:10     | Noticed an orc knight
  9675 | D:10     | Found a staircase to the Orcish Mines.
  9786 | D:10     | Killed an orc knight
  9849 | D:10     | Reached skill level 1 in Armour
 10680 | D:11     | Reached XP level 12. HP: 62/65 MP: 17/17
 10704 | D:11     | Reached skill level 5 in Dodging
 10730 | D:11     | Found a flickering gateway to a bazaar.
 10739 | Bazaar   | Entered a bazaar
 10739 | Bazaar   | Found Nihisudoa's Distillery.
 10739 | Bazaar   | Found Woodghua's Magic Scroll Shoppe.
 10739 | Bazaar   | Found Boont's Antique Weapon Shop.
 10739 | Bazaar   | Found Nuqoq's Jewellery Shoppe.
 10747 | Bazaar   | Found Rusiudwyenn's Distillery.
 10747 | Bazaar   | Found Ygoxo's Book Emporium.
 10763 | Bazaar   | Bought an amulet of regeneration for 330 gold pieces
 10766 | Bazaar   | Bought a scroll of enchant weapon for 97 gold pieces
 10766 | Bazaar   | Bought a scroll of identify for 26 gold pieces
 10771 | Bazaar   | Bought a potion of lignification for 24 gold pieces
 10837 | D:11     | Noticed a two-headed ogre
 10850 | D:11     | Killed a two-headed ogre
 11081 | D:11     | Reached *** piety under Nemelex Xobeh
 11120 | D:11     | Reached skill level 9 in Fighting
 11633 | D:11     | Noticed a two-headed ogre
 11641 | D:11     | Killed a two-headed ogre
 11732 | D:11     | Found Lati's Antique Weapon Emporium.
 11942 | Lair:1   | Entered Level 1 of the Lair of Beasts
 12188 | Lair:1   | Reached **** piety under Nemelex Xobeh
 12376 | Lair:1   | Noticed a six-headed hydra
 12392 | Lair:1   | Killed a six-headed hydra
 12393 | Lair:1   | Reached skill level 10 in Fighting
 13225 | Lair:2   | Found a staircase to the Swamp.
 13404 | Lair:2   | Received a gift from Nemelex Xobeh
 13417 | Lair:2   | Noticed a four-headed hydra
 13438 | Lair:2   | Killed a four-headed hydra
 13439 | Lair:2   | Reached skill level 5 in Armour
 13656 | Lair:2   | Reached ***** piety under Nemelex Xobeh
 13779 | Lair:2   | Noticed an eight-headed hydra
 13793 | Lair:2   | Killed an eight-headed hydra
 13794 | Lair:2   | Reached XP level 13. HP: 70/72 MP: 19/19
 13947 | Lair:3   | Received a gift from Nemelex Xobeh
 14097 | Lair:3   | Found a staircase to the Snake Pit.
 14555 | Lair:3   | Reached skill level 11 in Fighting
 14633 | Lair:3   | Received a gift from Nemelex Xobeh
 15671 | Lair:4   | Reached skill level 12 in Fighting
 15698 | Lair:4   | Received a gift from Nemelex Xobeh
 15819 | Lair:4   | Reached skill level 5 in Evocations
 16402 | Lair:5   | Received a gift from Nemelex Xobeh
 16688 | Lair:5   | Reached XP level 14. HP: 80/80 MP: 22/22
 16796 | Lair:5   | Reached skill level 1 in Shields
 17117 | Lair:5   | Reached skill level 10 in Invocations
 17542 | Lair:5   | Found a runed translucent door.
 17542 | Lair:5   | Found a viscous altar of Jiyva.
 17543 | Lair:5   | Found a staircase to the Slime Pits.
 18054 | Lair:6   | Entered Level 6 of the Lair of Beasts
 18215 | Lair:6   | Received a gift from Nemelex Xobeh
 18623 | Lair:6   | Reached ****** piety under Nemelex Xobeh
 18818 | Lair:6   | Noticed Rupert
 18986 | Lair:6   | Identified the -1 long sword of Context {elec, Fly Str+4
                  | Dex-3 Stlth+}
 18994 | Lair:6   | Killed Rupert
 19342 | Lair:6   | Reached skill level 13 in Fighting
 19424 | Lair:6   | Found a large runed translucent door.
 19557 | Lair:6   | Received a gift from Nemelex Xobeh
 19664 | Lair:6   | Found a large runed translucent door.
 20034 | Orc:1    | Entered Level 1 of the Orcish Mines
 20054 | D:10     | Reached XP level 15. HP: 85/86 MP: 23/23
 20331 | Orc:1    | Found a shimmering blue altar of Sif Muna.
 20502 | Orc:2    | Entered Level 2 of the Orcish Mines
 21251 | Orc:2    | Found Routh's General Store.
 21316 | Orc:2    | Found Ruaxist's Assorted Antiques.
 21640 | Orc:2    | Paralysed by an orc sorcerer for 3 turns
 21721 | Orc:2    | Identified the +6 falchion of Woif {antimagic, rF+}
 21866 | Orc:2    | Found a staircase to the Elven Halls.
 22296 | Orc:2    | Reached skill level 14 in Fighting
 22297 | Orc:2    | Found Ximaw's Weapon Shoppe.
 22331 | Orc:2    | Noticed an orc warlord
 22430 | Orc:2    | Killed an orc warlord
 22431 | Orc:2    | Reached skill level 10 in Dodging
 22431 | Orc:2    | Reached skill level 5 in Stealth
 22591 | Orc:2    | Found Lytzulea's Weapon Emporium.
 22743 | Orc:2    | Bought a scroll labelled TEMAF VEODD for 31 gold pieces
 22743 | Orc:2    | Bought an orange potion for 27 gold pieces
 22813 | Orc:2    | Bought the +7 Singing Sword {vorpal, sonic wave} for 1400
                  | gold pieces
 22813 | Orc:2    | Found the +7 Singing Sword {vorpal, sonic wave}
 23074 | D:12     | Received a gift from Nemelex Xobeh
 23300 | D:12     | Received a gift from Nemelex Xobeh
 23612 | D:13     | Received a gift from Nemelex Xobeh
 23732 | D:13     | Noticed Azrael
 23747 | D:13     | Killed Azrael
 23830 | D:13     | You fall into a shaft and drop 2 floors!
 23830 | D:15     | Entered Level 15 of the Dungeon
 23833 | D:14     | Received a gift from Nemelex Xobeh
 23902 | D:13     | Found a runed translucent gate.
 23902 | D:13     | Found a runed translucent gate.
 23902 | D:13     | Found an ancient bone altar of Kikubaaqudgha.
 23902 | D:13     | Found a runed translucent gate.
 23902 | D:13     | Noticed Kepoon's ghost (journeyman GrFi)
 23902 | D:13     | Noticed a lich
 23902 | D:13     | Noticed Caetoogo's ghost (journeyman FoWn)
 23903 | D:13     | Noticed p0werm0de's ghost (journeyman GrFi)
 23903 | D:13     | Noticed a lich
 24309 | D:13     | Reached skill level 15 in Fighting
 24313 | D:13     | Reached XP level 16. HP: 57/95 MP: 11/24
 24325 | D:13     | Reached skill level 1 in Long Blades
 24341 | D:13     | Found a gate to the Vaults.
 24623 | D:14     | Reached skill level 5 in Shields
 24943 | D:14     | Received a gift from Nemelex Xobeh
 25039 | D:14     | Identified Sidopp's Volume of the Lethal Volcanoes
 25557 | D:15     | Noticed Roxanne
 25896 | D:15     | Noticed Agnes
 25907 | D:15     | Killed Agnes
 25999 | D:15     | Noticed Josephine
 26009 | D:15     | Killed Josephine
 26011 | D:15     | Reached skill level 5 in Long Blades
 26374 | D:15     | Found Jidiwk's Distillery.
 26425 | D:15     | Noticed Kirke
 26441 | D:15     | Killed Kirke
 26557 | D:15     | Found a staircase to the Depths.
 27094 | Snake:1  | Entered Level 1 of the Snake Pit
 27172 | Snake:1  | Received a gift from Nemelex Xobeh
 27614 | Snake:1  | Noticed Louise
 27634 | Snake:1  | Killed Louise
 27635 | Snake:1  | Reached XP level 17. HP: 99/99 MP: 13/25
 27926 | Snake:1  | Received a gift from Nemelex Xobeh
 28609 | Snake:2  | Reached skill level 10 in Shields
 28797 | Snake:2  | Received a gift from Nemelex Xobeh
 29150 | Snake:2  | Received a gift from Nemelex Xobeh
 29801 | Snake:3  | Received a gift from Nemelex Xobeh
 29875 | Snake:3  | Reached skill level 10 in Long Blades
 30161 | Snake:3  | Received a gift from Nemelex Xobeh
 30884 | Snake:4  | Entered Level 4 of the Snake Pit
 30884 | Snake:4  | Found a runed translucent gate.
 30884 | Snake:4  | Found a runed translucent gate.
 30884 | Snake:4  | Found a runed translucent gate.
 30884 | Snake:4  | Received a gift from Nemelex Xobeh
 30884 | Snake:4  | Noticed Ecilena's ghost (adept DsBe)
 31192 | Snake:4  | Reached XP level 18. HP: 90/104 MP: 20/26
 31596 | Snake:4  | Received a gift from Nemelex Xobeh
 32296 | Snake:4  | Got a serpentine rune of Zot
 32564 | Swamp:1  | Entered Level 1 of the Swamp
 33176 | Swamp:1  | Received a gift from Nemelex Xobeh
 33738 | Swamp:2  | Received a gift from Nemelex Xobeh
 34460 | Swamp:3  | Received a gift from Nemelex Xobeh
 34651 | Swamp:4  | Entered Level 4 of the Swamp
 34887 | Swamp:4  | Reached XP level 19. HP: 74/108 MP: 20/28
 34892 | Swamp:4  | Paralysed by a hornet for 1 turns
 34910 | Swamp:4  | Found a runed translucent door.
 35602 | Swamp:4  | Noticed tilp's ghost (adept GnDe)
 35757 | Swamp:4  | Got a decaying rune of Zot
 36254 | Vaults:1 | Entered Level 1 of the Vaults
 36512 | Vaults:1 | Found Siavof's Assorted Antiques.
 36874 | Vaults:1 | Received a gift from Nemelex Xobeh
 37164 | Vaults:1 | Noticed Saint Roka
 37173 | Vaults:1 | Killed Saint Roka
 37729 | Vaults:2 | Received a gift from Nemelex Xobeh
 37897 | Vaults:2 | Killed a dread lich
 37899 | Vaults:2 | Reached XP level 20. HP: 83/114 MP: 19/30
 38178 | Vaults:2 | Mangled by a crystal guardian

Illustrated notes

Levels and vault maps discovered:
D:1:      lordsloth_arrival_two_stooges, layout_rooms
D:2:      layout_loops_ring, basic_ecumenical_altar, minmay_joined_circles
D:3:      layout_basic, uniq_natasha
D:4:      layout_rooms, minivault_5, serial_bayou_lagoon_a, st_stairs_6,
          minmay_quantized
D:5:      layout_loops_corners, slow_altar_1, minmay_temple_entry_waves,
          uniq_edmund
D:6:      layout_basic, minmay_microvault
D:7:      layout_rooms, uniq_harold, uniq_duvessa, uniq_joseph
D:8:      layout_gridville
D:9:      layout_roguey, david_lair_generic, uniq_psyche
D:10:     layout_long_grid, david_orc_5, special_room [special_room_bee]
D:11:     layout_stronghold, serial_column_ruins, column_ruins_open_medium,
          column_ruins_open_tiny, column_ruins_columns_straight,
          column_ruins_grid_3, serial_shops, bzr_entry_dummy,
          nicolae_shop_crystal
D:12:     layout_irregular_city
D:13:     layout_long_grid, ximxim_vaults_locker_room, gammafunk_ghost_crypt,
          uniq_azrael
D:14:     layout_layer_cave, fountainhead
D:15:     grunt_enter_depths_snipers, layout_cave_pools, special_room
          [special_room_mythical_zoo], serial_column_ruins,
          column_ruins_open_large, column_ruins_corridor_straight,
          column_ruins_open_tiny, column_ruins_open_tiny_water,
          column_ruins_open_tiny, roderic_roman_lattice, serial_shops,
          nicolae_shop_statue_plus, nzn_life_drinkers, uniq_agnes, uniq_kirke,
          uniq_josephine, uniq_roxanne
Temple:   nicolae_temple_the_god_donut
Lair:1:   lemuel_ratsnest, layout_regular_city, lemuel_fruit_tree,
          infiniplex_staircase_pool_2
Lair:2:   layout_gridlike, swamp_mist_pool
Lair:3:   layout_chaotic_city, dummy_snake_entry, kennysheep_abandoned_house,
          lemuel_fruit_fields
Lair:4:   layout_misc_corridors, special_room [special_room_mythical_zoo],
          serial_bayou_shore_a
Lair:5:   kb_forest_paths, layout_regular_city, slime_altar_2,
          small_statue_intersection, st_stairs_11, nzn_random_ring
Lair:6:   cheibrodos_lair_end_hotspot, layout_loops_ring, uniq_rupert
Swamp:1:  layout_basic_swamp, hangedman_swamp_ruin_hall
Swamp:2:  layout_falls_marsh, evilmike_swamp_ruin_house_5, swamp_pool5
Swamp:3:  layout_falls_marsh, serial_swamp_ruin, evilmike_swamp_ruin_rubble_2,
          evilmike_swamp_ruin_house_1, hangedman_swamp_ruin_wall
Swamp:4:  swamp_alternative, layout_basic_swamp, gammafunk_ghost_grave
Snake:1:  layout_honeycomb, grunt_megastairs_4, uniq_louise
Snake:2:  layout_chambers, grunt_ministairs_14
Snake:3:  layout_cave_pods
Snake:4:  snake_pit, layout_gridlike, gammafunk_ghost_split
Orc:1:    layout_caves, kennysheep_orc_sif_temple, uniq_urug
Orc:2:    pubby_orc_utopia, serial_shops
Vaults:1: v_misc_19, nicolae_vaults_little_squares_3, grunt_vaults_trifunnel,
          v_rooms_2, ontoclasm_vaults_ring_small, ontoclasm_vaults_gateway,
          layout_vaults_big_room, serial_shops, shop, uniq_saint_roka
Vaults:2: gammafunk_vaults_ghost_crypt, v_alt_pattern_5, vaults_dpeg_cross,
          nicolae_vaults_stairing_the_circle,
          vaults_standard_mumra_enter_the_diamond, hangedman_vaults_hat,
          minmay_guarded_unrand_guard_vaults, v_misc_3, v_misc_15, v_misc_8,
          ontoclasm_vaults_chip, vaults_dpeg_hooks, layout_vaults_maze_bifur,
          uniq_margery

Skill      XL: |  1  2  3  4  5  6  7  8  9 10 11 12 13 14 15 16 17 18 19 20 |
---------------+-------------------------------------------------------------+-----
Fighting       | 2 3 4 5 6 7 8 10 12 13 15 | 15.5
Short Blades   | 2 3 4 5 8 9 11 12 | 12.0
Dodging        | 2 4 6 8 10 | 10.9
Invocations    | 2 4 6 7 9 10 12 | 12.0
Evocations     | 4 6 7 8 |  8.0
Armour         | 2 5 6 7 |  7.5
Shields        | 4 8 10 11 | 11.0
Stealth        | 6 8 |  8.0
Long Blades    | 7 11 14 | 14.4
Throwing       | |  1.7

Action                   |  1- 3 |  4- 6 |  7- 9 | 10-12 | 13-15 | 16-18 | 19-21 || total
-------------------------+-------+-------+-------+-------+-------+-------+-------++-------
Melee: Dagger            |   124 |   243 |       |     5 |   148 |   133 |    31 ||   684
       Bite              |    34 |    78 |   126 |   407 |   961 |   424 |   147 ||  2177
       Short sword       |       |    18 |   342 |  1002 |  1935 |       |       ||  3297
       Double sword      |       |       |       |       |    89 |   927 |   343 ||  1359
Throw: Dart              |       |     8 |    19 |    32 |    14 |     4 |       ||    77
       Boomerang         |       |       |       |       |       |       |     4 ||     4
Invok: Draw Destruction  |       |       |       |     9 |     6 |     3 |       ||    18
       Draw Summoning    |       |       |       |     5 |     4 |     5 |       ||    14
       Triple Draw       |       |       |       |       |     5 |     4 |     1 ||    10
       Draw Escape       |       |       |       |       |     1 |     2 |     1 ||     4
       Deal Four         |       |       |       |       |     2 |       |     2 ||     4
Evoke: Tin of tremorston |       |       |       |     1 |     2 |       |       ||     3
       Wand              |       |       |       |     1 |     5 |       |       ||     6
       Lightning rod     |       |       |       |       |     1 |       |       ||     1
  Use: Scroll            |       |     6 |     7 |    13 |     8 |     2 |     1 ||    37
       Potion            |       |     2 |       |     1 |       |     2 |       ||     5
 Stab: Sleeping          |     4 |     5 |     2 |     6 |     7 |       |       ||    24
       Invisible         |       |       |       |     9 |       |       |       ||     9
       Distracted        |       |       |       |       |     1 |       |     1 ||     2
       Confused          |       |       |       |       |       |     2 |       ||     2
Armor: Robe              |     4 |       |       |       |       |       |       ||     4
       Ring mail         |    39 |   104 |    14 |       |   159 |       |       ||   316
       Chain mail        |       |       |   175 |   254 |       |       |       ||   429
       Plate armour      |       |       |       |    80 |   596 |   662 |   194 ||  1532
       Leather armour    |       |       |       |    39 |    34 |       |       ||    73
Dodge: Dodged            |    52 |    96 |   101 |   296 |   706 |   332 |   100 ||  1683
Block: Buckler           |       |       |       |       |   207 |     9 |       ||   216
       Kite shield       |       |       |       |       |       |   751 |   247 ||   998
       Reflection        |       |       |       |       |       |    88 |    13 ||   101
       Rpst.: Double sword |       |       |       |       |    16 |    44 |    17 ||    77

Table legend: (Time is in decaauts)
 A = Elapsed time spent in this place.
 B = Non-inter-level travel time spent in this place.
 C = Inter-level travel time spent in this place.
 D = Time resting spent in this place.
 E = Time spent auto-exploring this place.
 F = Levels seen in this place.
 G = Mean time per level.
                   A        B        C        D        E       F      G
               +--------+--------+--------+--------+--------+-----+--------+
         Total |  36764 |  33882 |   2882 |   3984 |  21980 |  35 | 1050.4 |
       Dungeon |  15698 |  14533 |   1165 |   1679 |   9669 |  15 | 1046.5 |
        Temple |    319 |    277 |     42 |      0 |    276 |   1 |  319.0 |
          Lair |   7488 |   6745 |    743 |    682 |   4498 |   6 | 1248.0 |
         Swamp |   3566 |   3326 |    240 |    418 |   2169 |   4 |  891.5 |
     Snake Pit |   5361 |   4962 |    399 |    860 |   2979 |   4 | 1340.2 |
  Orcish Mines |   2514 |   2293 |    221 |    146 |   1309 |   2 | 1257.0 |
        Vaults |   1768 |   1698 |     70 |    198 |   1053 |   2 |  884.0 |
        Bazaar |     47 |     47 |      0 |      0 |     26 |   1 |   47.0 |
               +--------+--------+--------+--------+--------+-----+--------+

Top non-repeatable levels by time:
   Orc:2: 2086 daAuts
  Lair:5: 1803 daAuts
 Snake:2: 1511 daAuts
     D:2: 1474 daAuts
  Lair:6: 1471 daAuts
    D:14: 1447 daAuts
Vaults:1: 1394 daAuts
    D:10: 1392 daAuts
 Snake:3: 1344 daAuts
 Swamp:4: 1312 daAuts
 Snake:4: 1260 daAuts
 Snake:1: 1244 daAuts
     D:5: 1184 daAuts
  Lair:3: 1146 daAuts
    D:13: 1146 daAuts
